AoeStats
← skeezerrr

Black Forest

508507537Analyzed
4v4 RM · 11d ago on Sep 22, 2026· 40m 15s· 8 players
Game mode
Random Map
Map size
Large (8 player)
Population
200
Speed
Normal
Resources
Standard
Victory
Conquest
Starting age
Dark Age
Ending age
Imperial Age
RankedLock teamsTeams togetherTeam positionsShared explorationLock speedFull tech treeHidden civsTurbo modeCheats
Victory
Defeat
1309
+11
🇬🇧 Bohemians · United Kingdom
1208
+15
🇫🇷 Persians · France
1189
+16
🇬🇧 Vietnamese · United Kingdom
1146
+17
🇳🇱 Romans · Netherlands
1224
-16
🇬🇷 Hindustanis · Greece
1188
-15
🇷🇴 Danes · Romania
1177
-14
🇳🇴 Varangians · Norway
1172
-14
King K. Rool
1:00 Loom
11:23 Feudal Age
12:01 Double-Bit Axe
13:36 Horse Collar
16:55 Castle Age
16:13 Gold Mining
15:53 Man-at-Arms
17:22 Scale Mail Armor
18:06 Bow Saw
21:29 Town Watch
23:31 Squires
24:14 Wheelbarrow
23:29 Long Swordsman
25:40 Forging
27:43 Heavy Plow
30:30 Masonry
31:08 Gold Shaft Mining
31:47 Hand Cart
31:34 Town Patrol
31:55 Ballistics
31:31 Murder Holes
32:02 Chain Mail Armor
31:57 Forging
31:38 Fletching
35:19 Imperial Age
35:04 Iron Casting
37:23 Blast Furnace
36:57 Conscription
36:35 Legionary
39:18 Bodkin Arrow
39:36 Padded Archer Armor
40:15 Murder Holes
Suteu
1:07 Loom
12:09 Feudal Age
13:05 Double-Bit Axe
13:02 Fishing Lines
14:05 Stone Mining
14:21 Horse Collar
22:20 Castle Age
20:25 Fletching
20:49 Forging
23:50 Bow Saw
24:39 Wheelbarrow
25:50 Gold Mining
26:12 Heavy Plow
26:44 Bodkin Arrow
29:47 Gold Shaft Mining
31:48 Ballistics
34:53 Imperial Age
32:10 Town Watch
34:24 Stone Shaft Mining
34:21 Thumb Ring
34:53 Iron Casting
34:20 Padded Archer Armor
34:39 Hand Cart
35:25 Town Patrol
35:33 Onager
37:28 Siege Engineers
37:30 Northmen's Fury
40:23 Chemistry
OnlyNomad
8:39 Loom
12:16 Feudal Age
12:47 Double-Bit Axe
18:09 Castle Age
17:11 Fishing Lines
19:22 Bow Saw
20:34 Gillnets
22:16 Wheelbarrow
24:07 Caravan
23:56 Horse Collar
26:08 Heavy Plow
27:46 Hand Cart
27:24 Gold Mining
27:24 Stone Mining
30:10 Forging
30:00 Scale Mail Armor
30:05 Scale Barding Armor
29:51 Fletching
30:03 Padded Archer Armor
34:06 Imperial Age
31:23 Vendel Legacy
33:18 Husbandry
33:28 Bloodlines
32:39 Light Cavalry
34:10 Cavalier
34:12 Gothikon
35:17 Conscription
35:32 Crop Rotation
35:44 Iron Casting
35:29 Chain Barding Armor
39:19 Blast Furnace
38:54 Plate Barding Armor
gpal23
8:10 Loom
12:26 Feudal Age
12:51 Horse Collar
18:24 Castle Age
16:38 Double-Bit Axe
20:34 Fishing Lines
22:10 Caravan
23:17 Wheelbarrow
23:26 Bow Saw
23:59 Heavy Plow
25:34 Hand Cart
26:53 Gillnets
27:05 Gold Mining
27:50 Stone Mining
29:53 Scale Barding Armor
29:59 Forging
30:28 Gold Shaft Mining
30:21 Fervor
30:38 Ballistics
30:14 Murder Holes
30:50 Grand Trunk Road
31:11 Squires
30:57 Arson
34:11 Imperial Age
32:47 Chain Barding Armor
32:27 Padded Archer Armor
33:03 Iron Casting
32:28 Scale Mail Armor
33:55 Stone Shaft Mining
33:37 Masonry
34:24 Thumb Ring
33:47 Pikeman
35:18 Conscription
35:01 Shatagni
36:11 Chemistry
35:17 Siege Engineers
35:28 Bloodlines
35:19 Husbandry
37:04 Two-Man Saw
35:46 Heavy Camel Rider
37:40 Hoardings
38:07 Plate Barding Armor
38:32 Blast Furnace
37:49 Leather Archer Armor
skeezerrr
1:05 Loom
10:14 Feudal Age
10:46 Double-Bit Axe
11:38 Wheelbarrow
17:13 Castle Age
15:37 Gold Mining
16:00 Stone Mining
16:40 Horse Collar
18:35 Heavy Plow
21:46 Bow Saw
29:45 Imperial Age
28:42 Forging
28:51 Bloodlines
29:28 Husbandry
30:28 Elite Battle Elephant
32:05 Crop Rotation
31:57 Chatras
33:12 Scale Barding Armor
34:02 Caravan
35:32 Iron Casting
35:20 Chain Barding Armor
38:55 Plate Barding Armor
38:40 Elite Skirmisher
39:26 Thumb Ring
BigFreak
0:31 Loom
12:00 Feudal Age
16:25 Castle Age
14:34 Double-Bit Axe
15:10 Fishing Lines
19:16 Bow Saw
19:25 Horse Collar
23:49 Heavy Plow
25:18 Wheelbarrow
24:29 Town Watch
26:44 Hand Cart
27:19 Gold Mining
29:46 Bloodlines
29:37 Husbandry
29:49 Forging
29:45 Scale Barding Armor
30:18 Gold Shaft Mining
29:34 Stone Mining
33:14 Imperial Age
31:00 Gillnets
31:29 Town Patrol
32:08 Iron Casting
31:54 Chain Barding Armor
33:55 Conscription
34:42 Chemistry
33:58 Caravan
33:35 Elite War Elephant
35:23 Blast Furnace
35:42 Stone Shaft Mining
36:19 Plate Barding Armor
36:49 Hoardings
36:30 Masonry
Husain Bolt
0:26 Loom
12:20 Feudal Age
12:56 Double-Bit Axe
13:38 Horse Collar
17:47 Castle Age
16:19 Town Watch
20:49 Fervor
21:05 Bow Saw
26:40 Heavy Plow
30:13 Imperial Age
29:32 Chemistry
31:22 Padded Archer Armor
31:23 Scale Mail Armor
32:27 Siege Engineers
34:02 Wheelbarrow
36:49 Fletching
37:03 Pikeman
39:14 Chain Mail Armor
39:10 Forging
39:15 Leather Archer Armor
KiFQiT - Joseph Vissarionovitch
1:23 Loom
11:51 Feudal Age
15:39 Castle Age
14:35 Double-Bit Axe
16:03 Fishing Lines
18:12 Bow Saw
17:43 Horse Collar
20:35 Heavy Plow
24:37 Gillnets
27:56 Wheelbarrow
27:13 Gold Mining
29:36 Man-at-Arms
30:16 Squires
33:09 Imperial Age
30:58 Hand Cart
31:41 Gold Shaft Mining
32:10 Long Swordsman
32:52 Scale Mail Armor
33:03 Forging
33:08 Caravan
34:15 Conscription
34:01 Ballistas
35:24 Chemistry
33:59 Legionary
35:24 Heavy Scorpion
37:20 Elite Centurion
40:48 Crop Rotation
Connection lost

Rejoining the realm…

Still unreachable

The connection could not be restored.

Session expired

The server has moved on; the page needs a fresh start.